 Dungeon Crawl Stone Soup version 0.29-a0-542-g075992c915 (webtiles) character file.

Game seed: 12009412862225540582

737 KateP the Chopper (level 7, -6/63 HPs)
             Began as a Minotaur Fighter on June 3, 2022.
             Mangled by an ogre
             ... wielding a +0 giant club
              (23 damage)
             ... on level 6 of the Dungeon.
             The game lasted 00:03:09 (3293 turns).

KateP the Chopper (Minotaur Fighter)                Turns: 3293, Time: 00:03:10

Health: -6/63      AC:  8    Str: 22    XL:     7   Next: 46%
Magic:  6/6        EV:  9    Int:  5    God:
Gold:   224        SH:  4    Dex: 10    Spells: 6/6 levels left

rFire   . . .      SeeInvis .   a - +0 war axe
rCold   . . .      Faith    .   c - +0 buckler
rNeg    . . .      Spirit   .   b - +0 scale mail
rPois   .          Reflect  .   (helmet restricted)
rElec   .          Harm     .   p - +0 cloak {Will+}
rCorr   +          Rampage  .   (no gloves)
Will    +....                   (no boots)
Stlth   ..........              (no amulet)
HPRegen 0.20/turn               n - ring of resist corrosion
MPRegen 0.10/turn               o - ring of flight

@: flying
A: horns 2, retaliatory headbutt
a: no special abilities


You were on level 6 of the Dungeon.
You visited 1 branch of the dungeon, and saw 5 of its levels.

You collected 224 gold pieces.

Inventory:

Hand Weapons
 a - a +0 war axe (weapon)
Armour
 b - a +0 scale mail (worn)
 c - a +0 buckler (worn)
 p - a +0 cloak of willpower (worn)
Jewellery
 n - a ring of resist corrosion (left hand)
 o - a ring of flight (right hand)
 t - an amulet of regeneration
Scrolls
 e - 3 scrolls of teleportation {unknown}
 g - 2 scrolls of fear {unknown}
 h - 5 scrolls of identify {unknown}
 j - 2 scrolls of enchant armour {unknown}
 l - a scroll of vulnerability {unknown}
 q - a scroll of blinking {unknown}
 r - 2 scrolls of poison {unknown}
Potions
 d - a potion of might
 f - 3 potions of heal wounds {unknown}
 i - a potion of curing {unknown}
 k - a potion of mutation {unknown}
 m - a potion of flight {unknown}
 s - a potion of attraction {unknown}
 u - a potion of lignification {unknown}


   Skills:
 + Level 6.1 Fighting
 * Level 7.4 Axes
 + Level 6.1 Armour
 - Level 3.6 Shields


You had 6 spell levels left.
You didn't know any spells.
Your spell library was empty.

Dungeon Overview and Level Annotations

Branches:
Dungeon (6/15)
 Temple: D:4-7

Altars:
Cheibriados
Dithmenos
Gozag
Wu Jian
Xom
The Shining One


Innate Abilities, Weirdness & Mutations

You have a pair of horns on your head.
You reflexively headbutt those who attack you in melee.


Message History

An adder is nearby!
You slash the adder!
You kill the adder!
Key pressed, stopping explore.
No target in view!
Key pressed, stopping explore.
No target in view!
Key pressed, stopping explore.
No target in view!
Key pressed, stopping explore.
No target in view!
No target in view!
An ogre comes into view. It is wielding a +0 giant club.
An ogre is nearby!
An ogre is nearby!
The ogre hits you with a +0 giant club!!
An ogre is nearby!
You slash the ogre!
The ogre is moderately wounded.
The ogre barely misses you. You furiously retaliate!
You headbutt the ogre.
An ogre is nearby!
You hit the ogre.
The ogre is heavily wounded.
An ogre is nearby!
You barely miss the ogre.
The ogre is heavily wounded.
The ogre hits you with a +0 giant club!!
* * * LOW HITPOINT WARNING * * *
An ogre is nearby!
You are too injured to fight recklessly!
An ogre is nearby!
You are too injured to fight recklessly!
You are too injured to fight recklessly!
You hit the ogre but do no damage.
The ogre is heavily wounded.
The ogre hits you but does no damage.
You slash the ogre! You headbutt the ogre.
The ogre is severely wounded.
The ogre hits you with a +0 giant club!!
You die...

####.....#.#### #.#.#.<#.#
##........# #.#.#..#.#
#........# #.#.#..#.#
#........# #.#....#.#
######.### #.##...#.# #.#
#.##...#.# ##########.#
#.##...#.#
#.......##.########.##...#.#
#.......##...O@.....##...#.#
#.......##############...#.#
#.......######.........###.#
#....†.....................#
#######.........##########.#
#.........######## ###
#####................#
#....................#
#.....#######........#


You could see an ogre.

Vanquished Creatures
  A black bear (D:5)
  2 phantoms (D:5)
  3 scorpions
  A necrophage (D:6)
  2 howler monkeys (D:5)
  An orc priest (D:5)
  Crazy Yiuf (D:2)
  A gnoll (D:1)
  4 adders
  An ufetubus (D:5)
  A dart slug (D:2)
  6 orcs (D:5)
  6 bats
  4 endoplasms
  2 giant cockroaches (D:2)
  6 goblins
  8 hobgoblins
  A kobold (D:2)
  3 quokkas
  5 ball pythons
  2 frilled lizards
  7 rats
68 creatures vanquished.

Notes
Turn   | Place    | Note
-------+----------+-------------------------------------------
     0 | D:1      | KateP the Minotaur Fighter began the quest for the Orb.
     0 | D:1      | Reached XP level 1. HP: 19/19 MP: 0/0
   334 | D:1      | Reached skill level 3 in Axes
   334 | D:1      | Reached XP level 2. HP: 27/27 MP: 1/1
   756 | D:1      | Reached XP level 3. HP: 33/33 MP: 2/2
  1102 | D:2      | Found an opulent altar of Gozag.
  1486 | D:2      | Found a runed translucent door.
  1487 | D:2      | Noticed Crazy Yiuf
  1625 | D:2      | Killed Crazy Yiuf
  1626 | D:2      | Reached skill level 4 in Axes
  1626 | D:2      | Reached XP level 4. HP: 23/41 MP: 3/3
  1847 | D:3      | Found a shimmering altar of Xom.
  1849 | D:3      | Found an ornate altar of the Wu Jian Council.
  1891 | D:3      | Found a faded altar of an unknown god.
  1925 | D:3      | You are sucked into a shaft and drop 3 floors!
  1965 | D:6      | Noticed a scorpion
  1972 | D:6      | Killed a scorpion
  1973 | D:6      | Reached XP level 5. HP: 29/47 MP: 4/4
  2135 | D:5      | Entered Level 5 of the Dungeon
  2165 | D:5      | Found a shadowy altar of Dithmenos.
  2204 | D:5      | Noticed a phantom
  2217 | D:5      | Killed a phantom
  2218 | D:5      | Reached skill level 5 in Fighting
  2218 | D:5      | Reached skill level 5 in Axes
  2218 | D:5      | Reached skill level 5 in Armour
  2433 | D:5      | Reached XP level 6. HP: 51/56 MP: 5/5
  2513 | D:5      | Reached skill level 6 in Axes
  2691 | D:5      | Found an opulent altar of Gozag.
  2702 | D:5      | Reached XP level 7. HP: 49/62 MP: 6/6
  2922 | D:5      | Found a snail-covered altar of Cheibriados.
  3006 | D:5      | Found a glowing golden altar of the Shining One.
  3080 | D:5      | Reached skill level 7 in Axes
  3293 | D:6      | Mangled by an ogre

Illustrated notes

Levels and vault maps discovered:
D:1:      dpeg_arrival_erosion, layout_loops_corners
D:2:      layout_basic, basic_altar, uniq_crazy_yiuf_cottage
D:3:      minmay_wonky_spiral, layout_rooms, nicolae_overflow_squiral,
          dreamdust_ecumenical_altar_statues
D:5:      black_bear_nest_1, layout_rooms, mainiacjoe_overflow_swirl,
          mainiacjoe_overflow_six_doors_small, grunt_dithmenos_smoke_and_mirrors
D:6:      layout_basic, trog_three_pillars_becter,
          nicolae_shop_sticking_my_neck_out

Skill      XL: |  1  2  3  4  5  6  7 |
---------------+----------------------+-----
Axes           | 3 4 5 6 7 |  7.4
Fighting       | 4 5 6 |  6.1
Armour         | 4 5 6 |  6.1
Shields        | |  3.6

Action                   |  1- 3 |  4- 6 |  7- 9 || total
-------------------------+-------+-------+-------++-------
Melee: War axe           |    89 |    88 |    18 ||   195
       Headbutt          |    13 |    14 |     3 ||    30
Armor: Scale mail        |    33 |    35 |    12 ||    80
Dodge: Dodged            |    31 |    37 |     8 ||    76
Block: Buckler           |    29 |    25 |     6 ||    60

Table legend: (Time is in decaauts)
 A = Elapsed time spent in this place.
 B = Non-inter-level travel time spent in this place.
 C = Inter-level travel time spent in this place.
 D = Time resting spent in this place.
 E = Time spent auto-exploring this place.
 F = Levels seen in this place.
 G = Mean time per level.
                   A        B        C        D        E       F      G
               +--------+--------+--------+--------+--------+-----+--------+
         Total |   3350 |   3350 |      0 |    200 |   2517 |   5 |  670.0 |
       Dungeon |   3350 |   3350 |      0 |    200 |   2517 |   5 |  670.0 |
               +--------+--------+--------+--------+--------+-----+--------+

Top non-repeatable levels by time:
     D:1: 1004 daAuts
     D:5: 837 daAuts
     D:2: 821 daAuts
     D:6: 551 daAuts
     D:3: 135 daAuts
